 Dungeon Crawl Stone Soup version 0.22-a0-601-gb0ed703 (webtiles) character file.

203 Gildeon the Sneak (level 6, -2/35 HPs)
             Began as a Kobold Assassin on July 6, 2018.
             Slain by an ice beast (5 damage)
             ... on level 3 of the Dungeon.
             The game lasted 00:21:02 (3030 turns).

Gildeon the Sneak (Kobold Assassin)                 Turns: 3030, Time: 00:21:03

Health: -2/35      AC:  4    Str: 10    XL:     6   Next: 8%
Magic:  6/6        EV: 22    Int: 12    God:
Gold:   106        SH:  0    Dex: 22    Spells: 5/5 levels left

rFire    . . .     SeeInvis .   a - +3 dagger
rCold    . . .     Gourm    .   (shield restricted)
rNeg     . . .     Faith    .   h - +0 leather armour
rPois    .         Spirit   .   (no helmet)
rElec    .         Reflect  .   d - +0 cloak
rCorr    .         Harm     .   (no gloves)
MR       .....                  (no boots)
Stlth    +++++.....             (no amulet)
HPRegen  0.11/turn              (no ring)
MPRegen  0.10/turn              (no ring)

@: agile
A: small, carnivore
a: no special abilities


You were on level 3 of the Dungeon.
You were very full.

You visited 1 branch of the dungeon, and saw 3 of its levels.

You collected 106 gold pieces.

Inventory:

Hand Weapons
 a - a +3 dagger (weapon)
 b - a +0 blowgun
Missiles
 e - 15 poisoned needles
 f - 2 curare-tipped needles
Armour
 d - a +0 cloak (worn)
 h - a +0 leather armour (worn)
Scrolls
 c - a scroll of blinking {unknown}
 j - 4 scrolls of remove curse
 m - a scroll of teleportation
 r - a scroll of fear {unknown}
Potions
 k - a potion of flight
 l - a potion of magic
 p - 2 potions of degeneration {unknown}
 q - a potion of lignification {unknown}
Comestibles
 g - 2 rations
 n - 4 chunks of flesh


   Skills:
 - Level 2.1 Fighting
 + Level 5.0 Short Blades
 - Level 2.1 Throwing
 + Level 3.8 Dodging
 + Level 7.0 Stealth


You had 5 spell levels left.
You didn't know any spells.
Your spell library was empty.

Dungeon Overview and Level Annotations

Branches:
Dungeon (3/15)

Altars:


Innate Abilities, Weirdness & Mutations

You are small and have problems with some larger weapons.
You are carnivorous and can eat meat at any time.


Message History

You barely miss the ice beast.
The ice beast is heavily wounded.
The ice beast completely misses you.
You barely miss the ice beast.
The ice beast is heavily wounded.
You hit the ice beast but do no damage.
The ice beast is heavily wounded.
The ice beast barely misses you.
You barely miss the ice beast.
The ice beast is heavily wounded.
The ice beast misses you.
You closely miss the ice beast.
The ice beast is heavily wounded.
The ice beast completely misses you.
You hit the ice beast but do no damage.
The ice beast is heavily wounded.
The ice beast hits you.
* * * LOW HITPOINT WARNING * * *
The ice beast freezes you.
You die...

.# ####.### #.... .#
#.# ##### .# #.# #.
.# #.# #. .# #(# #.
########## #.# #.
........(# #.# #.
.#######.#
#.#################.
.##§§..#.#
#.Y@................
###§##.#.#
####################
#§##.#)# #§##.#.#
#§##.#.# #§##..)#
#§####.# ### ###


You could see an ice beast.

Vanquished Creatures
  8 gnolls
  6 adders (D:2)
  An ooze (D:3)
  3 worms
  2 giant cockroaches (D:3)
  6 hobgoblins
  8 jackals
  8 bats
  5 frilled lizards
  4 goblins
  8 kobolds
  8 rats
  A plant (D:2)
68 creatures vanquished.

Vanquished Creatures (others)
  2 plants
2 creatures vanquished.

Grand Total: 70 creatures vanquished

Notes
Turn   | Place    | Note
-------+----------+-------------------------------------------
     0 | D:1      | Gildeon the Kobold Assassin began the quest for the Orb.
     0 | D:1      | Reached XP level 1. HP: 12/12 MP: 1/1
   269 | D:1      | Reached XP level 2. HP: 15/17 MP: 2/2
   856 | D:2      | Reached XP level 3. HP: 20/21 MP: 3/3
   954 | D:2      | Reached skill level 6 in Stealth
  1007 | D:2      | Reached XP level 4. HP: 14/26 MP: 4/4
  1744 | D:2      | Reached XP level 5. HP: 26/30 MP: 5/5
  2594 | D:3      | Reached XP level 6. HP: 23/35 MP: 6/6
  2845 | D:3      | Reached skill level 7 in Stealth
  2946 | D:3      | Reached skill level 5 in Short Blades
  2967 | D:3      | Noticed an ice beast
  3030 | D:3      | Slain by an ice beast

Vault maps used:
D:1:      tarquinn_simple_flora_water_d
D:2:      serial_bayou, serial_bayou_shore_b, serial_bayou_lagoon_a,
          serial_bayou_shore_b, serial_bayou_pond_c,
          minmay_misc_feat_more_columns
D:3:      lexackson_kobold_supper

Skill      XL: |  1  2  3  4  5  6 |
---------------+-------------------+-----
Short Blades   | 3 4 5 |  5.0
Dodging        | 2 3 |  3.8
Stealth        | 6 7 |  7.0
Fighting       | |  2.1
Throwing       | |  2.1

Action                   |  1- 3 |  4- 6 || total
-------------------------+-------+-------++-------
Melee: Dagger            |    45 |   158 ||   203
 Fire: Blowgun           |    15 |    68 ||    83
  Use: Scroll            |     2 |     6 ||     8
       Potion            |       |     2 ||     2
 Stab: Sleeping          |     8 |    10 ||    18
  Eat: Chunk             |     8 |     6 ||    14
Armor: Leather armour    |     6 |    42 ||    48
Dodge: Dodged            |    33 |   111 ||   144

Table legend:
 A = Spawn XP
 B = Non-spawn XP
 C = Spawn XP percentage of total XP
 D = Spawn monster count
 E = Non-spawn monster count
 F = Spawn count percentage of total count
 G = Total turns spent on level
                    A         B        C        D         E        F      G
               +---------+---------+-------+---------+---------+-------+---------
         Total |       0 |     291 |   0.0 |       0 |      67 |   0.0 |  3030
               +---------+---------+-------+---------+---------+-------+---------
           D:1 |       0 |      11 |   0.0 |       0 |       8 |   0.0 |   591
           D:2 |       0 |     181 |   0.0 |       0 |      34 |   0.0 |  1491
           D:3 |       0 |      99 |   0.0 |       0 |      25 |   0.0 |   948
               +---------+---------+-------+---------+---------+-------+---------
